Map: Galactic Process LE

Players

Nick - Winner!

  • Race: Zerg Zerg
  • League: Gold
  • Spawn Location: 1:00

Fropez

  • Race: Protoss Protoss
  • League: Gold
  • Spawn Location: 7:00

VOD

Have the link to the VOD?

Description

Time

  • Played on: Sept. 21, 2016, 7:27 p.m.
  • Length: 16:47
Show
View Real Time Build Order
Export as new Build Order

Nick Zerg - Winner!

Build Orders: Hatch First, Lurkers 

Get SALT Encoding   

  12  0:01  Drone  
  13  0:08  Drone  
  14  0:35  Hatchery  
  13  0:38  Drone  
  14  0:55  Spawning Pool  
  13  0:58  Drone  
  14  1:05  Extractor, Drone  
  14  1:14  Overlord  
  14  1:34  Drone x2  
  14  1:35  Drone  
  17  1:48  Zergling x2  
  18  1:54  Queen  
  18  1:56  Queen  
  18  2:00  Zergling x2  
  23  2:07  Zergling x4  
  25  2:22  Drone x2  
  27  2:31  Zergling x2  
  27  2:35  Metabolic Boost  
  27  2:36  Overlord  
  28  2:50  Overlord  
  28  3:00  Spine Crawler  
  28  3:01  Spine Crawler  
  28  3:05  Drone x2  
  28  3:08  Drone  
  29  3:19  Drone x2  
  31  3:23  Drone  
  32  3:30  Drone x2  
  32  3:33  Drone  
  35  3:38  Drone  
  36  3:49  Lair  
  36  3:51  Drone x2  
  36  3:52  Drone  
  36  3:55  Drone  
  40  3:57  Drone  
  41  4:03  Drone  
  41  4:06  Drone x2  
  41  4:08  Overlord  
  44  4:12  Extractor  
  44  4:14  Extractor  
  43  4:17  Drone x2  
  43  4:18  Extractor  
  43  4:22  Drone  
  44  4:27  Spore Crawler  
  43  4:33  Spine Crawler  
  43  4:35  Drone x4  
  46  4:39  Spore Crawler  
  46  4:43  Spine Crawler  
  44  4:48  Evolution Chamber  
  44  4:51  Hydralisk Den  
  42  4:54  Evolution Chamber  
  42  4:58  Burrow  
  41  5:03  Spore Crawler  
  41  5:04  Drone x2  
  41  5:05  Drone  
  43  5:09  Drone  
  43  5:10  Drone  
  43  5:13  Drone  
  46  5:14  Drone  
  47  5:25  Drone x3  
  47  5:26  Drone x2  
  52  5:32  Lurker Den  
  52  5:39  Zerg Missile Weapons Level 1  
  52  5:43  Zerg Ground Armor Level 1  
  52  6:00  Overlord x2  
  52  6:04  Hatchery  
  51  6:17  Queen  
  53  6:18  Hydralisk x2  
  53  6:19  Hydralisk  
  53  6:24  Drone x2  
  61  6:26  Hydralisk  
  63  6:36  Hydralisk  
  63  6:37  Hydralisk  
  63  6:39  Overlord  
  67  6:40  Overlord  
  67  6:53  Pneumatized Carapace  
  67  6:57  Overlord x2  
  67  6:59  Hydralisk  
  67  7:00  Hydralisk x3  
  75  7:07  Hydralisk x2  
  79  7:14  Muscular Augments  
  79  7:28  Hydralisk x2  
  78  7:42  Hydralisk x3  
  76  7:45  Hydralisk x3  
  76  7:46  Hydralisk  
  78  8:00  Hydralisk  
  80  8:12  Spine Crawler  
  80  8:14  Spine Crawler  
  80  8:19  Drone x2  
  80  8:27  Hydralisk  
  80  8:28  Hydralisk x2  
  80  8:31  Zerg Missile Weapons Level 2  
  86  8:35  Queen  
  86  8:39  Drone x2  
  90  8:46  Hydralisk x2  
  90  8:47  Hydralisk  
  96  8:50  Drone x2  
  98  9:28  Lurker x2  
  98  9:29  Lurker x3  
  103  9:35  Overseer  
  103  9:37  Overseer  
  103  9:46  Extractor  
  103  9:47  Queen  
  103  9:49  Extractor, Drone x3  
  100  11:04  Queen  
  82  11:39  Overlord x2  
  82  11:40  Overlord  
  66  12:05  Hydralisk x5  
  66  12:06  Hydralisk x4  
  66  12:08  Hydralisk x3  
  84  12:14  Hydralisk  
  84  12:15  Hydralisk x2  
  91  12:39  Hydralisk x5  
  91  12:41  Hydralisk x2  
  105  12:44  Zerg Ground Armor Level 2  
  105  12:49  Overlord x3  
  105  12:51  Overlord x5, Infestation Pit  
  74  13:42  Hydralisk x2  
  74  13:43  Hydralisk x4  
  74  13:47  Hydralisk x3  
  74  13:48  Hydralisk x2  
  94  13:51  Hydralisk x2  
  94  13:52  Hydralisk x5  
  94  13:53  Hydralisk x2  
  114  14:06  Hatchery  
  113  14:14  Overseer x4  
  113  14:15  Overseer  
  109  15:16  Lurker  
  109  15:17  Lurker x6  
  109  15:18  Lurker  
  109  15:19  Hydralisk x2  
  109  15:20  Hydralisk  
  123  15:26  Queen, Drone  
  126  15:39  Hatchery  
  125  15:51  Hatchery  
  124  16:02  Queen  
  97  16:19  Hydralisk x3  
Show
View Real Time Build Order
Export as new Build Order

Fropez Protoss 

Build Orders:  

Get SALT Encoding   

  12  0:01  Probe (Chrono Boost)  
  13  0:15  Pylon  
  13  0:17  Probe (Chrono Boost)  
  14  0:26  Assimilator  
  14  0:36  Gateway  
  14  0:40  Probe (Chrono Boost)  
  15  0:50  Probe (Chrono Boost)  
  16  1:03  Pylon, Probe (Chrono Boost)  
  17  1:14  Probe (Chrono Boost)  
  18  1:20  Pylon  
  18  1:25  Cybernetics Core  
  18  1:30  Probe (Chrono Boost)  
  19  1:44  Gateway  
  19  1:45  Probe (Chrono Boost)  
  20  2:05  Pylon  
  21  2:13  Mothership Core (Chrono Boost)  
  21  2:14  Warp Gate (Chrono Boost)  
  22  2:16  Adept  
  24  2:24  Assimilator  
  23  2:34  Probe  
  24  2:43  Adept  
  26  2:46  Probe  
  26  2:51  Pylon  
  27  2:57  Adept  
  29  2:58  Probe  
  30  3:10  Probe  
  30  3:11  Adept  
  33  3:23  Probe  
  33  3:24  Adept  
  36  3:32  Twilight Council  
  36  3:35  Probe  
  36  3:39  Pylon  
  37  3:47  Probe  
  38  4:01  Probe  
  39  4:06  Pylon  
  39  4:12  Nexus  
  39  4:28  Probe  
  39  4:30  Resonating Glaives (Chrono Boost)  
  40  4:41  Probe  
  40  4:43  Gateway  
  41  4:46  Gateway  
  41  4:53  Probe  
  42  5:05  Probe  
  43  5:13  Adept x2, Gateway  
  47  5:19  Probe  
  48  5:25  Probe  
  49  5:31  Probe  
  50  5:43  Adept  
  50  5:44  Adept x2  
  56  5:53  Probe  
  56  5:54  Probe  
  58  5:57  Assimilator  
  58  5:59  Assimilator  
  58  6:05  Probe x2  
  58  6:06  Adept x2  
  58  6:07  Adept x2  
  68  6:38  Probe  
  69  6:40  Adept  
  69  6:41  Adept x2, Probe  
  69  6:42  Pylon  
  76  6:48  Pylon  
  76  6:54  Pylon  
  76  6:58  Gateway  
  76  6:59  Adept  
  76  7:00  Gateway  
  78  7:02  Adept x2  
  78  7:04  Gateway  
  78  7:05  Adept  
  81  7:33  Adept x4  
  81  7:34  Adept  
  71  8:06  Robotics Facility  
  71  8:07  Robotics Facility  
  71  8:12  Pylon x2  
  65  8:13  Adept x2  
  65  8:14  Adept x3  
  75  8:22  Zealot  
  77  8:31  Probe x2  
  77  8:43  Probe  
  77  8:44  Probe  
  79  8:48  Nexus  
  79  8:56  Pylon  
  79  8:59  Pylon  
  79  9:10  Pylon  
  79  9:12  Pylon  
  79  9:14  Immortal (Chrono Boost)  
  83  9:25  Immortal (Chrono Boost)  
  87  9:35  Stalker x2  
  91  9:52  Sentry x3  
  95  9:53  Sentry x2  
  95  9:56  Probe x2  
  95  9:59  Probe  
  104  10:17  Templar Archives  
  104  10:20  Assimilator  
  104  10:24  Assimilator  
  104  10:29  Pylon, Dark Shrine  
  104  10:33  Immortal (Chrono Boost)  
  108  10:40  Pylon  
  108  10:42  Observer (Chrono Boost)  
  103  10:49  Pylon  
  93  10:51  Sentry x4  
  95  11:00  Observer (Chrono Boost)  
  88  11:08  Adept x3  
  72  11:21  Mothership Core  
  50  11:41  Adept x3  
  50  11:42  Adept x4  
  50  12:04  Immortal x2 (Chrono Boost)  
  58  12:09  Dark Templar x4  
  58  12:10  Probe  
  58  12:11  Probe  
  58  12:12  Probe  
  60  12:37  Nexus  
  60  12:38  Observer (Chrono Boost)  
  60  12:39  Pylon  
  60  12:40  Pylon  
  56  13:11  Dark Templar x3  
  56  13:12  Dark Templar  
  63  13:16  Probe  
  63  13:19  Probe  
  65  13:29  Pylon, Probe x2  
  65  13:31  Pylon  
  67  13:37  Immortal (Chrono Boost)  
  67  13:38  Immortal (Chrono Boost)  
  75  13:42  Probe  
  66  14:34  Stalker x4  
  66  14:35  Stalker  
  66  14:36  Probe x2  
  66  14:38  Probe x2  
  74  14:52  Gateway  
  78  14:53  Immortal x2 (Chrono Boost)  
  78  14:56  Gateway  
  78  14:58  Gateway  
  82  15:00  Gateway, Stalker x5  
  82  15:06  Gateway  
  90  15:26  Mothership Core  
  90  15:27  Observer x2 (Chrono Boost)  
  94  15:36  High Templar x4  
  94  15:37  High Templar  
  94  15:40  Archon  
  94  15:41  Archon  
  97  15:59  High Templar x4  
  69  16:14  High Templar  
  69  16:17  Zealot x4  
Tags
 
Composition
Lurkers
League
GoldGold
Matchup
PvZ
Replay Pack
All Mines
Spawn Locations
Cross Positions
Add a new tag
Caveats
  • Supply blocks, unpowered buildings, or Contaminate may cause inaccurate times.
  • Supply counts are checked every 10 seconds.